 Dungeon Crawl Stone Soup version 0.31-a0-152-g6aa68a64a1 (webtiles) character file.

Game seed: 3198711403787184747

13706 qw the Cleaver (level 12, -54/77 HPs)
             Began as a Gargoyle Fighter on June 10, 2023.
             Was an Elder of Okawaru.
             Blown up by a lich (109 damage)
             ... with an orb of destruction
             ... on level 2 of the Abyss.
             The game lasted 00:05:09 (9599 turns).

qw the Cleaver (Gargoyle Fighter)                   Turns: 9599, Time: 00:05:09

Health: -54/77     AC: 29    Str: 23      XL:     12   Next: 8%
Magic:  14/16      EV: 11    Int:  8 (11) God:    Okawaru [****..]
Gold:   349        SH:  6    Dex:  9      Spells: 11/11 levels left

rFire   x x .        Y - +2 war axe (flame)
rCold   x . .        c - +0 buckler
rNeg    + . .        e - +0 ice dragon scales
rPois   inf          a - +0 helmet
rElec   +            g - +0 cloak
rCorr   .            k - +2 pair of gloves
SInv    .            (no boots)
Will    .....        (no amulet)
Stlth   +            n - +4 ring of protection
HPRegen 0.32/turn    (no ring)
MPRegen 0.15/turn

%: no passive effects
@: heroic
A: sickness immunity, AC +8, negative energy resistance 1, electricity
resistance, torment resistance 1, petrification resistance, heat vulnerability
1, devolution 1, [deformed body], [cold vulnerability 3], [subdued magic 2]
a: Renounce Religion, Heroism, Finesse


You were on level 2 of the Abyss.
You worshipped Okawaru.
Okawaru was greatly pleased with you.
You visited 3 branches of the dungeon, and saw 11 of its levels.
You visited the Abyss 1 time.

You collected 574 gold pieces.
You spent 225 gold pieces at shops.


Innate Abilities, Weirdness & Mutations

You are immune to sickness and miasma.
Your stone body is resilient. (AC +8)
You are immune to poison.
You resist negative energy. (rN+)
You are resistant to electric shocks. (rElec)
You are resistant to unholy torment.
You are immune to petrification.
You are vulnerable to heat. (rF-)
You have hidden genetic defects.
[Armour fits poorly on your strangely shaped body.]
[You are extremely vulnerable to cold. (rC---)]
[Your spells are easier to cast, but less powerful.]


   Skills:
 - Level 10.0(15.0) Fighting
 + Level 12.3(17.3) Axes
 - Level 3.1(8.1) Throwing
 - Level 8.0(13.0) Armour
 - Level 2.1(7.1) Dodging
 - Level 6.2(11.2) Shields
 + Level 6.0 Invocations


You had 11 spell levels left.
You didn't know any spells.
Your spell library was empty.

Inventory:

Hand Weapons
 Y - a +2 war axe of flaming (weapon)
Missiles
 q - a boomerang (quivered)
 t - 2 javelins
Armour
 a - a +0 helmet (worn)
 c - a +0 buckler (worn)
 e - +0 ice dragon scales (worn)
 g - a +0 cloak (worn)
 k - a +2 pair of gloves (worn)
 l - +0 acid dragon scales
 o - a +0 chain mail
Jewellery
 n - a +4 ring of protection (left hand)
Scrolls
 m - 8 scrolls of teleportation
 r - a scroll of identify
Potions
 b - 2 potions of haste
 d - a potion of might
 f - a potion of heal wounds
 h - 4 potions of curing
 i - a potion of attraction
 j - a potion of cancellation
 p - a potion of lignification
 v - a potion of resistance

Dungeon Overview and Level Annotations

Branches:
Dungeon (8/15)             Temple (1/1) D:7            Lair (2/5) D:8
  Swamp (0/4) Lair:2
  Snake: Lair:2-3    Spider: Lair:2-3

Altars:
Ashenzari
Cheibriados
Dithmenos
Elyvilon
Fedhas
Gozag
Hepliaklqana
Kikubaaqudgha
Makhleb
Nemelex Xobeh
Okawaru
Qazlal
Ru
Sif Muna
Trog
Uskayaw
Vehumet
Wu Jian
Xom
Yredelemnul
Zin
The Shining One

Shops:
D:6 ?

Annotations:
Lair:1 1 runed translucent door, qw's ghost, novice MiHu
Lair:2 Sonja


Message History

The raiju bites you but does no damage.
The raiju bursts into living lightning!
The living lightning hits you. You resist.
The raiju blinks! x2
You closely miss the raiju.
The raiju is moderately wounded.
You hit the raiju. You burn the raiju.
The raiju bites you but does no damage. x2
You slash the raiju! You burn the raiju.
The raiju is severely wounded.
You hit the raiju but do no damage.
The lich launches a ball of destructive magic.
The raiju bites you but does no damage.
An iron imp comes into view.
An orb of destruction comes into view.
You closely miss the raiju.
The raiju is severely wounded.
The iron imp shouts!
You slash the raiju! You burn the raiju.
The raiju bites you but does no damage.
The lich conjures a glowing orb.
The raiju bites you but does no damage.
An orb of destruction comes into view.
You hit the raiju. You burn the raiju.
The raiju is almost dead.
You hit the raiju. You burn the raiju.
The orb of destruction hits a rock wall.
The iron imp shouts, "Surrender, thou churlish flap-mouthed nothing!"
You block the raiju's attack.
You slash the raiju! You burn the raiju.
You kill the raiju!
Okawaru accepts your kill.
You slash the raiju! You burn the raiju!
You kill the raiju!
Okawaru accepts your kill.
You feel the corruption within you wane somewhat.
Your connection to magic feels less subdued.
Your Invocations skill increases to level 6!
The orb of destruction hits you!!!!
Ouch! That really hurt!
You die...

. .. .##.## ## #.
..# ... #..#. ##
...##..#.#.#
##...#...#### #
##....#..#.####...
#...............#
#.....%0@.%#..###
#.#...#0.......#...
#.#...0.......5. .
.#....L##.#..#.~....
.##...0# #####.#~##.
.....0 #### # .
#.... ##...


You could see a lich and an iron imp.

Vanquished Creatures
  A wretched star (Abyss:2)
  A death drake (Abyss:2)
  A worldbinder (Abyss:2)
  A black mamba (Lair:1)
  An elephant (D:8)
  A smoke demon (Abyss:2)
  Maggie (D:8)
  4 cane toads (Lair:1)
  4 komodo dragons (Lair:1)
  Prince Ribbit (D:8)
  4 raiju (Abyss:2)
  6 blink frogs
  Sigmund (D:5)
  A shadow (D:7)
  9 yaks
  A ynoxinul (Abyss:2)
  2 basilisks (D:8)
  Grum (D:8)
  A steam dragon (D:6)
  2 neqoxecs (Abyss:2)
  Edmund (D:5)
  3 water moccasins (Lair:1)
  An orc warrior (D:8)
  9 wolves
  5 ice beasts
  2 ogres (D:5)
  2 centaurs
  A small abomination (Abyss:2)
  2 phantoms (D:5)
  Blork the orc (D:5)
  4 bullfrogs
  2 scorpions
  3 wights (D:8)
  4 killer bees (D:8)
  A jelly (D:6)
  4 howler monkeys
  6 hounds
  2 gnoll boudas (D:7)
  5 orc priests
  2 sleepcaps
  3 orc wizards
  4 iguanas
  Terence (D:2)
  Robin (D:2)
  13 gnolls
  12 adders
  A shadow imp (D:8)
  A white imp (D:7)
  3 ufetubi (D:5)
  2 dart slugs
  26 orcs
  6 ball pythons
  6 endoplasms
  6 giant cockroaches
  10 goblins
  13 hobgoblins
  12 jackals
  6 quokkas
  6 bats (D:3)
  6 frilled lizards
  4 kobolds
  8 rats
254 creatures vanquished.

Notes
Turn   | Place    | Note
-------+----------+-------------------------------------------
     0 | D:1      | qw the Gargoyle Fighter began the quest for the Orb.
     0 | D:1      | Reached XP level 1. HP: 14/14 MP: 1/1
     0 | D:1      | 0 ||| qw: Version: 0.2-a-123-gb51047a
     0 | D:1      | 0 ||| qw: Game counter: 3694
     0 | D:1      | 0 ||| qw: Always use a shield: true
     0 | D:1      | 0 ||| qw: God list: Okawaru
     0 | D:1      | 0 ||| qw: Allow faded altars: false
     0 | D:1      | 0 ||| qw: Do Orc after D:15 true
     0 | D:1      | 0 ||| qw: Do second Lair branch before Depths: true
     0 | D:1      | 0 ||| qw: Lair rune preference: random
     0 | D:1      | 0 ||| qw: Plans: Normal, Zot:1-4, Slime:5, God:TSO, Crypt,
                  | Tomb, Abyss, Pan, Hells, Win
     0 | D:1      | 0 ||| PLANNING D:1-11
    66 | D:1      | Reached skill level 2 in Axes
    81 | D:1      | 81 ||| Stepping ~*~*~tactically~*~*~ (stealth).
   122 | D:1      | 122 ||| Stepping ~*~*~tactically~*~*~ (stealth).
   132 | D:1      | Reached XP level 2. HP: 18/19 MP: 2/2
   136 | D:1      | 136 ||| Stepping ~*~*~tactically~*~*~ (stealth).
   144 | D:1      | 144 ||| Stepping ~*~*~tactically~*~*~ (stealth).
   186 | D:1      | 186 ||| DROPPING +0 club.
   350 | D:1      | Reached skill level 3 in Axes
   356 | D:1      | Reached XP level 3. HP: 20/23 MP: 3/3
   816 | D:1      | 816 ||| UPGRADING to +0 ice dragon scales.
   826 | D:1      | 826 ||| READING 2 scrolls labelled UZAGEBL BEFIE.
   827 | D:1      | 827 ||| DROPPING scroll of butterflies.
   901 | D:2      | Noticed Robin
   919 | D:2      | Reached XP level 4. HP: 16/28 MP: 4/4
   921 | D:2      | Killed Robin
   922 | D:2      | Reached skill level 4 in Axes
  1011 | D:2      | 1011 ||| Stepping ~*~*~tactically~*~*~ (stealth).
  1013 | D:2      | 1013 ||| Stepping ~*~*~tactically~*~*~ (hiding).
  1014 | D:2      | 1014 ||| Stepping ~*~*~tactically~*~*~ (hiding).
  1055 | D:2      | 1055 ||| DROPPING +0 mace.
  1159 | D:2      | Reached XP level 5. HP: 32/32 MP: 5/5
  1258 | D:2      | 1258 ||| Stepping ~*~*~tactically~*~*~ (stealth).
  1265 | D:2      | Noticed Terence
  1276 | D:2      | Killed Terence
  1291 | D:2      | 1291 ||| Stepping ~*~*~tactically~*~*~ (stealth).
  1332 | D:2      | Found a faded altar of an unknown god.
  1717 | D:2      | 1717 ||| UPGRADING to +0 helmet.
  1722 | D:2      | 1722 ||| DROPPING +0 scale mail.
  1723 | D:2      | 1723 ||| UPGRADING to +0 cloak.
  1728 | D:2      | 1728 ||| UPGRADING to +4 ring of protection.
  1729 | D:2      | 1729 ||| READING 2 scrolls labelled NUZAANUTAW.
  1730 | D:2      | 1730 ||| READING scroll labelled ALUERA ISHANI.
  1731 | D:2      | 1731 ||| READING 2 scrolls labelled YLEOGG ZIGGO.
  1734 | D:2      | 1734 ||| DROPPING scroll of amnesia.
  1764 | D:3      | 1764 ||| Stepping ~*~*~tactically~*~*~ (hiding).
  1777 | D:3      | Reached skill level 5 in Axes
  1826 | D:3      | 1826 ||| Stepping ~*~*~tactically~*~*~ (stealth).
  1978 | D:3      | 1978 ||| Stepping ~*~*~tactically~*~*~ (stealth).
  1987 | D:3      | Reached XP level 6. HP: 38/38 MP: 6/6
  1988 | D:3      | 1988 ||| Stepping ~*~*~tactically~*~*~ (stealth).
  2059 | D:3      | Identified the +9 mace "Yziralo" {venom, Stlth+}
  2061 | D:3      | 2061 ||| DROPPING +0 flail.
  2229 | D:3      | Reached skill level 1 in Throwing
  2282 | D:3      | 2282 ||| UPGRADING to +2 pair of gloves.
  2287 | D:3      | 2287 ||| READING scroll labelled MUGOCK TUGIE.
  2288 | D:3      | 2288 ||| READING scroll labelled DIFAUPNOETA.
  2289 | D:3      | 2289 ||| READING scroll labelled UQUROEBUGO.
  2290 | D:3      | 2290 ||| DROPPING +9 mace "Yziralo" {venom, Stlth+}.
  2291 | D:3      | 2291 ||| DRINKING 2 fizzy pink potions.
  2292 | D:3      | 2292 ||| DRINKING 2 cyan potions.
  2293 | D:3      | 2293 ||| DRINKING 2 fuming coppery potions.
  2302 | D:3      | 2302 ||| DROPPING potion of ambrosia.
  2429 | D:4      | Reached skill level 6 in Axes
  2824 | D:4      | Identified the scarf "Sacubof" {+Inv, rN+ Str-4 Dex+2}
  3093 | D:4      | 3093 ||| DROPPING scarf "Sacubof" {+Inv, rN+ Str-4 Dex+2}.
  3094 | D:4      | 3094 ||| READING scroll labelled MALEMN TEDDUESHRI.
  3105 | D:5      | Entered Level 5 of the Dungeon
  3129 | D:5      | Reached XP level 7. HP: 38/43 MP: 7/7
  3132 | D:5      | Reached skill level 1 in Dodging
  3165 | D:5      | Noticed Edmund
  3166 | D:5      | 3166 ||| Stepping ~*~*~tactically~*~*~ (stealth).
  3190 | D:5      | Killed Edmund
  3324 | D:5      | Reached skill level 7 in Axes
  3385 | D:5      | 3385 ||| Stepping ~*~*~tactically~*~*~ (stealth).
  3472 | D:5      | Reached XP level 8. HP: 49/49 MP: 8/8
  3632 | D:5      | Noticed Sigmund
  3644 | D:5      | Killed Sigmund
  3817 | D:5      | Reached skill level 8 in Axes
  3953 | D:5      | Noticed Blork the orc
  3955 | D:5      | 3955 ||| Stepping ~*~*~tactically~*~*~ (hiding).
  3970 | D:5      | Killed Blork the orc
  4063 | D:5      | 4063 ||| Stepping ~*~*~tactically~*~*~ (hiding).
  4270 | D:6      | Reached skill level 6 in Fighting
  4270 | D:6      | Reached XP level 9. HP: 46/56 MP: 9/9
  4490 | D:6      | 4490 ||| Stepping ~*~*~tactically~*~*~ (stealth).
  4544 | D:6      | Found a hazy altar of Hepliaklqana.
  4544 | D:6      | Found a broken altar of Ashenzari.
  4706 | D:6      | Found Sulee's Magic Scroll Shoppe.
  4709 | D:6      | 4709 ||| BUYING scroll of enchant weapon (82 gold).
  4709 | D:6      | Bought a scroll of enchant weapon for 82 gold pieces
  4709 | D:6      | 4709 ||| BUYING scroll of identify (22 gold).
  4709 | D:6      | Bought a scroll of identify for 22 gold pieces
  4709 | D:6      | 4709 ||| BUYING scroll of identify (22 gold).
  4709 | D:6      | Bought a scroll of identify for 22 gold pieces
  4709 | D:6      | 4709 ||| BUYING scroll of teleportation (33 gold).
  4709 | D:6      | Bought a scroll of teleportation for 33 gold pieces
  4709 | D:6      | 4709 ||| BUYING scroll of teleportation (33 gold).
  4709 | D:6      | Bought a scroll of teleportation for 33 gold pieces
  4709 | D:6      | 4709 ||| BUYING scroll of teleportation (33 gold).
  4709 | D:6      | Bought a scroll of teleportation for 33 gold pieces
  4709 | D:6      | 4709 ||| READING 2 scrolls of enchant weapon.
  4709 | D:6      | 4709 ||| ENCHANTING +0 war axe of flaming.
  4710 | D:6      | 4710 ||| READING scroll of enchant weapon.
  4710 | D:6      | 4710 ||| ENCHANTING +1 war axe of flaming.
  4955 | D:6      | 4955 ||| Stepping ~*~*~tactically~*~*~ (stealth).
  4956 | D:6      | 4956 ||| Stepping ~*~*~tactically~*~*~ (stealth).
  4964 | D:6      | 4964 ||| Stepping ~*~*~tactically~*~*~ (stealth).
  4965 | D:6      | 4965 ||| Stepping ~*~*~tactically~*~*~ (stealth).
  4969 | D:6      | 4969 ||| Stepping ~*~*~tactically~*~*~ (stealth).
  4970 | D:6      | 4970 ||| Stepping ~*~*~tactically~*~*~ (stealth).
  4974 | D:6      | 4974 ||| Stepping ~*~*~tactically~*~*~ (stealth).
  4984 | D:6      | Reached skill level 9 in Axes
  5135 | D:6      | 5135 ||| DRINKING 3 yellow potions.
  5136 | D:6      | 5136 ||| DRINKING 2 green potions.
  5241 | D:6      | 5241 ||| READING 3 scrolls of identify.
  5241 | D:6      | 5241 ||| IDENTIFYING fuming golden potion
  5242 | D:6      | 5242 ||| READING 2 scrolls of identify.
  5242 | D:6      | 5242 ||| IDENTIFYING ruby potion
  5243 | D:6      | 5243 ||| DROPPING potion of brilliance.
  5244 | D:6      | 5244 ||| DROPPING potion of degeneration.
  5245 | D:6      | 5245 ||| DROPPING potion of berserk rage.
  5740 | D:7      | Found a staircase to the Ecumenical Temple.
  5741 | D:7      | 5741 ||| PLANNING TEMPLE
  5741 | D:7      | 5741 ||| READING 4 scrolls of identify.
  5741 | D:7      | 5741 ||| IDENTIFYING fuming brown potion
  5742 | D:7      | 5742 ||| READING 3 scrolls of identify.
  5742 | D:7      | 5742 ||| IDENTIFYING metallic clear potion
  5743 | D:7      | 5743 ||| READING 2 scrolls of identify.
  5743 | D:7      | 5743 ||| IDENTIFYING viscous yellow potion
  5744 | D:7      | 5744 ||| DROPPING potion of invisibility.
  5753 | Temple   | Entered the Ecumenical Temple
  5754 | Temple   | 5754 ||| PLANNING OKAWARU WORSHIP
  5927 | Temple   | Became a worshipper of Warmaster Okawaru
  5927 | Temple   | 5927 ||| PLANNING D:1-11
  5983 | D:7      | 5983 ||| Stepping ~*~*~tactically~*~*~ (hiding).
  6076 | D:7      | 6076 ||| Stepping ~*~*~tactically~*~*~ (stealth).
  6084 | D:7      | 6084 ||| Stepping ~*~*~tactically~*~*~ (hiding).
  6085 | D:7      | 6085 ||| Stepping ~*~*~tactically~*~*~ (hiding).
  6117 | D:7      | 6117 ||| Stepping ~*~*~tactically~*~*~ (stealth).
  6134 | D:7      | 6134 ||| FLEEEEING.
  6135 | D:7      | 6135 ||| FLEEEEING.
  6136 | D:7      | 6136 ||| FLEEEEING.
  6137 | D:7      | 6137 ||| FLEEEEING.
  6145 | D:7      | 6145 ||| FLEEEEING.
  6146 | D:7      | 6146 ||| FLEEEEING.
  6147 | D:7      | 6147 ||| FLEEEEING.
  6148 | D:7      | 6148 ||| FLEEEEING.
  6149 | D:7      | 6149 ||| FLEEEEING.
  6150 | D:7      | 6150 ||| FLEEEEING.
  6164 | D:7      | 6164 ||| Stepping ~*~*~tactically~*~*~ (hiding).
  6270 | D:7      | 6270 ||| Stepping ~*~*~tactically~*~*~ (hiding).
  6271 | D:7      | 6271 ||| Stepping ~*~*~tactically~*~*~ (hiding).
  6272 | D:7      | 6272 ||| Stepping ~*~*~tactically~*~*~ (hiding).
  6273 | D:7      | 6273 ||| Stepping ~*~*~tactically~*~*~ (hiding).
  6675 | D:8      | Noticed Maggie
  6687 | D:8      | Killed Maggie
  6687 | D:8      | Reached * piety under Okawaru
  6688 | D:8      | Reached skill level 10 in Axes
  6819 | D:8      | Reached skill level 1 in Invocations
  6825 | D:8      | Reached XP level 10. HP: 53/63 MP: 9/11
  6884 | D:8      | 6884 ||| Stepping ~*~*~tactically~*~*~ (stealth).
  6991 | D:8      | Found a shadowy altar of Dithmenos.
  6992 | D:8      | 6992 ||| Stepping ~*~*~tactically~*~*~ (stealth).
  7032 | D:8      | 7032 ||| INVOKING Heroism.
  7037 | D:8      | Reached skill level 6 in Armour
  7175 | D:8      | Noticed an elephant
  7189 | D:8      | Reached skill level 3 in Invocations
  7201 | D:8      | Killed an elephant
  7212 | D:8      | Found a staircase to the Lair.
  7227 | D:8      | 7227 ||| INVOKING Heroism.
  7366 | D:8      | Noticed Grum
  7367 | D:8      | 7367 ||| Stepping ~*~*~tactically~*~*~ (stealth).
  7369 | D:8      | 7369 ||| INVOKING Heroism.
  7377 | D:8      | Reached skill level 3 in Throwing
  7385 | D:8      | Killed Grum
  7511 | D:8      | Noticed Prince Ribbit
  7538 | D:8      | Killed Prince Ribbit
  7882 | D:8      | 7882 ||| PLANNING LAIR
  7882 | D:8      | 7882 ||| READING scroll labelled POILIY WUISASH.
  7883 | D:8      | 7883 ||| READING 2 scrolls of identify.
  7883 | D:8      | 7883 ||| IDENTIFYING sapphire potion
  7910 | Lair:1   | Entered Level 1 of the Lair of Beasts
  7928 | Lair:1   | Noticed a cane toad
  7931 | Lair:1   | Reached ** piety under Okawaru
  7933 | Lair:1   | 7933 ||| Stepping ~*~*~tactically~*~*~ (stealth).
  7934 | Lair:1   | 7934 ||| Stepping ~*~*~tactically~*~*~ (stealth).
  7935 | Lair:1   | 7935 ||| Stepping ~*~*~tactically~*~*~ (stealth).
  7938 | Lair:1   | 7938 ||| INVOKING Heroism.
  7939 | Lair:1   | 7939 ||| Stepping ~*~*~tactically~*~*~ (stealth).
  7961 | Lair:1   | Killed a cane toad
  7963 | Lair:1   | Reached skill level 11 in Axes
  7986 | Lair:1   | Noticed a black mamba
  7987 | Lair:1   | 7987 ||| INVOKING Heroism.
  7991 | Lair:1   | Noticed a cane toad
  7997 | Lair:1   | Killed a black mamba
  7998 | Lair:1   | Reached XP level 11. HP: 65/68 MP: 12/14
  8003 | Lair:1   | Reached *** piety under Okawaru
  8208 | Lair:1   | Found a runed translucent door.
  8209 | Lair:1   | Noticed an eight-headed hydra
  8209 | Lair:1   | Noticed qw's ghost (novice MiHu)
  8302 | Lair:1   | 8302 ||| Stepping ~*~*~tactically~*~*~ (stealth).
  8307 | Lair:1   | Reached skill level 9 in Fighting
  8346 | Lair:1   | 8346 ||| INVOKING Heroism.
  8348 | Lair:1   | 8348 ||| Stepping ~*~*~tactically~*~*~ (stealth).
  8365 | Lair:1   | 8365 ||| Stepping ~*~*~tactically~*~*~ (stealth).
  8366 | Lair:1   | 8366 ||| Stepping ~*~*~tactically~*~*~ (stealth).
  8379 | Lair:1   | 8379 ||| FLEEEEING.
  8380 | Lair:1   | 8380 ||| FLEEEEING.
  8381 | Lair:1   | 8381 ||| FLEEEEING.
  8382 | Lair:1   | 8382 ||| FLEEEEING.
  8383 | Lair:1   | 8383 ||| FLEEEEING.
  8384 | Lair:1   | 8384 ||| FLEEEEING.
  8385 | Lair:1   | 8385 ||| FLEEEEING.
  8386 | Lair:1   | 8386 ||| FLEEEEING.
  8387 | Lair:1   | 8387 ||| FLEEEEING.
  8388 | Lair:1   | 8388 ||| FLEEEEING.
  8389 | Lair:1   | 8389 ||| FLEEEEING.
  8390 | Lair:1   | 8390 ||| FLEEEEING.
  8391 | Lair:1   | 8391 ||| FLEEEEING.
  8392 | Lair:1   | 8392 ||| FLEEEEING.
  8393 | Lair:1   | 8393 ||| FLEEEEING.
  8394 | Lair:1   | 8394 ||| FLEEEEING.
  8395 | Lair:1   | 8395 ||| FLEEEEING.
  8396 | Lair:1   | 8396 ||| FLEEEEING.
  8397 | Lair:1   | 8397 ||| FLEEEEING.
  8398 | Lair:1   | 8398 ||| FLEEEEING.
  8399 | Lair:1   | 8399 ||| FLEEEEING.
  8400 | Lair:1   | 8400 ||| FLEEEEING.
  8401 | Lair:1   | 8401 ||| FLEEEEING.
  8402 | Lair:1   | 8402 ||| FLEEEEING.
  8403 | Lair:1   | 8403 ||| FLEEEEING.
  8404 | Lair:1   | 8404 ||| FLEEEEING.
  8405 | Lair:1   | 8405 ||| FLEEEEING.
  8406 | Lair:1   | 8406 ||| FLEEEEING.
  8407 | Lair:1   | 8407 ||| FLEEEEING.
  8408 | Lair:1   | 8408 ||| FLEEEEING.
  8409 | Lair:1   | 8409 ||| FLEEEEING.
  8410 | Lair:1   | 8410 ||| FLEEEEING.
  8411 | Lair:1   | 8411 ||| FLEEEEING.
  8412 | Lair:1   | 8412 ||| FLEEEEING.
  8413 | Lair:1   | 8413 ||| FLEEEEING.
  8414 | Lair:1   | 8414 ||| FLEEEEING.
  8415 | Lair:1   | 8415 ||| FLEEEEING.
  8416 | Lair:1   | 8416 ||| FLEEEEING.
  8417 | Lair:1   | 8417 ||| FLEEEEING.
  8418 | Lair:1   | 8418 ||| FLEEEEING.
  8419 | Lair:1   | 8419 ||| FLEEEEING.
  8420 | Lair:1   | 8420 ||| FLEEEEING.
  8421 | Lair:1   | 8421 ||| FLEEEEING.
  8422 | Lair:1   | 8422 ||| FLEEEEING.
  8423 | Lair:1   | 8423 ||| FLEEEEING.
  8424 | Lair:1   | 8424 ||| FLEEEEING.
  8425 | Lair:1   | 8425 ||| FLEEEEING.
  8426 | Lair:1   | 8426 ||| FLEEEEING.
  8427 | Lair:1   | 8427 ||| FLEEEEING.
  8428 | Lair:1   | 8428 ||| FLEEEEING.
  8429 | Lair:1   | 8429 ||| FLEEEEING.
  8430 | Lair:1   | 8430 ||| FLEEEEING.
  8431 | Lair:1   | 8431 ||| STAIRDANCE
  8469 | Lair:1   | 8469 ||| Stepping ~*~*~tactically~*~*~ (stealth).
  8477 | Lair:1   | 8477 ||| INVOKING Heroism.
  8500 | Lair:1   | 8500 ||| INVOKING Heroism.
  8504 | Lair:1   | Reached skill level 12 in Axes
  8510 | Lair:1   | Reached **** piety under Okawaru
  8589 | Lair:1   | 8589 ||| INVOKING Heroism.
  8750 | Lair:1   | 8750 ||| Stepping ~*~*~tactically~*~*~ (stealth).
  8751 | Lair:1   | 8751 ||| INVOKING Heroism.
  8764 | Lair:1   | Reached skill level 6 in Shields
  9209 | Lair:1   | 9209 ||| READING scroll labelled ERIPLURPH SEQ YVI.
  9225 | Lair:2   | Found a staircase to the Swamp.
  9226 | Lair:2   | 9226 ||| PLANNING GAUNTLET
  9242 | Lair:2   | 9242 ||| Stepping ~*~*~tactically~*~*~ (stealth).
  9243 | Lair:2   | 9243 ||| Stepping ~*~*~tactically~*~*~ (stealth).
  9244 | Lair:2   | 9244 ||| Stepping ~*~*~tactically~*~*~ (stealth).
  9245 | Lair:2   | 9245 ||| INVOKING Heroism.
  9303 | Lair:2   | Noticed Sonja
  9312 | Lair:2   | 9312 ||| INVOKING Heroism.
  9314 | Lair:2   | HP: 16/71 [Sonja/+0 dagger of distortion (24)]
  9314 | Abyss:2  | Cast into level 2 of the Abyss (Sonja)
  9375 | Abyss:2  | 9375 ||| Stepping ~*~*~tactically~*~*~ (stealth).
  9402 | Abyss:2  | 9402 ||| Stepping ~*~*~tactically~*~*~ (stealth).
  9402 | Abyss:2  | Noticed a death drake
  9403 | Abyss:2  | 9403 ||| Stepping ~*~*~tactically~*~*~ (hiding).
  9404 | Abyss:2  | 9404 ||| INVOKING Heroism.
  9422 | Abyss:2  | Killed a death drake
  9442 | Abyss:2  | 9442 ||| Stepping ~*~*~tactically~*~*~ (stealth).
  9443 | Abyss:2  | 9443 ||| Stepping ~*~*~tactically~*~*~ (stealth).
  9444 | Abyss:2  | 9444 ||| Stepping ~*~*~tactically~*~*~ (stealth).
  9446 | Abyss:2  | Noticed a worldbinder
  9452 | Abyss:2  | Noticed a deep elf zephyrmancer
  9454 | Abyss:2  | Noticed a deep elf knight
  9455 | Abyss:2  | Noticed a deep elf pyromancer
  9457 | Abyss:2  | Killed a worldbinder
  9466 | Abyss:2  | 9466 ||| INVOKING Heroism.
  9504 | Abyss:2  | 9504 ||| INVOKING Heroism.
  9510 | Abyss:2  | Noticed a wretched star
  9511 | Abyss:2  | 9511 ||| Stepping ~*~*~tactically~*~*~ (stealth).
  9523 | Abyss:2  | 9523 ||| INVOKING Heroism.
  9537 | Abyss:2  | Killed a wretched star
  9538 | Abyss:2  | Reached XP level 12. HP: 49/77 MP: 13/16
  9564 | Abyss:2  | 9564 ||| Stepping ~*~*~tactically~*~*~ (stealth).
  9569 | Abyss:2  | 9569 ||| Stepping ~*~*~tactically~*~*~ (stealth).
  9570 | Abyss:2  | 9570 ||| Stepping ~*~*~tactically~*~*~ (stealth).
  9571 | Abyss:2  | 9571 ||| Stepping ~*~*~tactically~*~*~ (stealth).
  9574 | Abyss:2  | Gained mutation: You are vulnerable to heat. (rF-) [a
                  | neqoxec]
  9576 | Abyss:2  | Gained mutation: You have hidden genetic defects. [a
                  | neqoxec]
  9592 | Abyss:2  | Noticed a lich
  9593 | Abyss:2  | 9593 ||| INVOKING Heroism.
  9599 | Abyss:2  | Reached skill level 6 in Invocations
  9599 | Abyss:2  | Blown up by a lich

Levels and vault maps discovered:
D:1:      heliophobic_arrival_henge, layout_basic
D:2:      layout_loops_ring, shapermc_ecumenical_altar_gd, grunt_ministairs_7,
          uniq_terence, uniq_robin
D:3:      layout_basic, minmay_joined_circles
D:4:      layout_gridville, dreamdust_wishing_well, minmay_crystal_water,
          chequers_arboretum
D:5:      layout_loops_ring, guppyfry_early_lair_pool, uniq_sigmund,
          uniq_blork_the_orc, uniq_edmund
D:6:      layout_loops_corners, chequers_temple_overflow_statue_of_worship,
          serial_shops, nicolae_shop_rolled_up
D:7:      layout_loops_corners, minmay_temple_entry_antechambers
D:8:      layout_basic, nicolae_dithmenos_shadow_blocks, david_lair_generic,
          uniq_grum, uniq_maggie, uniq_prince_ribbit1
Temple:   nicolae_temple_bog_church
Lair:1:   layout_cave_pods, ebering_ghost_inner_flame
Lair:2:   layout_long_grid, swamp_mist, hellmonk_spider_entry_life_and_decay,
          gauntlet_entry_generic, uniq_sonja
Abyss:2:  base:
D:1

Skill      XL: |  1  2  3  4  5  6  7  8  9 10 11 12 |
---------------+-------------------------------------+-----
Axes           | 2 3 4 5 6 7 8 10 11 12 | 12.3
Fighting       | 4 5 6 7 8 10 | 10.0
Throwing       | 1 2 3 |  3.1
Dodging        | 1 2 |  2.1
Armour         | 4 5 7 8 |  8.0
Shields        | 4 5 6 |  6.2
Invocations    | 1 4 5 6 |  6.0

Action                     |  1- 3 |  4- 6 |  7- 9 | 10-12 || total
---------------------------+-------+-------+-------+-------++-------
  Melee: War axe           |   101 |   198 |   266 |   332 ||   897
  Throw: Javelin           |       |    12 |    60 |    28 ||   100
         Boomerang         |       |       |     8 |    22 ||    30
 Invoke: Heroism           |       |       |       |    17 ||    17
    Use: Scroll            |     1 |     7 |     7 |     3 ||    18
         Potion            |       |     3 |     2 |       ||     5
 Armour: Scale mail        |    41 |       |       |       ||    41
         Ice dragon scales |    28 |   131 |   150 |   156 ||   465
  Dodge: Dodged            |    69 |    79 |   118 |   118 ||   384
  Block: Buckler           |    28 |    37 |    51 |    60 ||   176

Table legend:
 A = Non-vault XP
 B = Vault XP
 C = Vault XP percentage of total XP
 D = Non-vault monster count
 E = Vault monster count
 F = Vault count percentage of total count
                 A         B        C        D         E       F
            +---------+---------+-------+---------+---------+-------
      Total |   16684 |    2897 |  14.8 |     214 |      40 |  15.7
            +---------+---------+-------+---------+---------+-------
        D:1 |      56 |       0 |   0.0 |      33 |       0 |   0.0
        D:2 |      94 |      71 |  43.0 |      19 |      15 |  44.1
        D:3 |     139 |      31 |  18.2 |      20 |      10 |  33.3
        D:4 |     199 |       0 |   0.0 |      12 |       0 |   0.0
        D:5 |    1109 |     531 |  32.4 |      27 |       5 |  15.6
        D:6 |     837 |       0 |   0.0 |      13 |       0 |   0.0
        D:7 |    1030 |       0 |   0.0 |      26 |       0 |   0.0
        D:8 |     956 |    2264 |  70.3 |      19 |      10 |  34.5
     Lair:1 |    7263 |       0 |   0.0 |      30 |       0 |   0.0
     Lair:2 |     778 |       0 |   0.0 |       3 |       0 |   0.0
    Abyss:2 |    4223 |       0 |   0.0 |      12 |       0 |   0.0
            +---------+---------+-------+---------+---------+-------
